 Dungeon Crawl Stone Soup version 0.19.5 (webtiles) character file.

368 Haldmier the Ogre Mage (level 6, 0/59 HPs)
             Began as an Ogre Wizard on May 13, 2017.
             Slain by a bullfrog (3 damage)
             ... on level 6 of the Dungeon.
             The game lasted 00:15:19 (4640 turns).

Haldmier the Ogre Mage (Ogre Wizard)                Turns: 4640, Time: 00:15:20

Health: 0/59       AC:  3    Str: 15    XL:     6   Next: 69%
Magic:  2/12       EV: 10    Int: 17    God:
Gold:   108        SH:  0    Dex:  8    Spells: 6 memorised, 0 levels left

rFire  . . .     SeeInvis .     h - +0 whip
rCold  + . .     Gourm    .     a - +0 robe
rNeg   . . .     Faith    .     (no shield)
rPois  .         Spirit   .     b - +0 hat
rElec  .         Reflect  .     (no cloak)
rCorr  .         Harm     .     (gloves unavailable)
MR     .....     Rnd*Tele +     (boots unavailable)
Stlth  +.........               (no amulet)
                                r - ring of protection from cold
                                m - ring of teleportation (curse)

@: very slightly contaminated
A: unfitting armour, tough skin 1
a: no special abilities


You were on level 6 of the Dungeon.
You were not hungry.

You visited 1 branch of the dungeon, and saw 6 of its levels.

You collected 108 gold pieces.

Inventory:

Hand Weapons
 h - a +0 whip (weapon)
 o - a +0 giant spiked club
 p - a +0 spear
Missiles
 l - 6 javelins (quivered)
Armour
 a - a +0 robe (worn)
 b - a +0 hat (worn)
Jewellery
 m - a cursed ring of teleportation (left hand)
 r - a ring of protection from cold (right hand)
Scrolls
 e - 6 scrolls of identify {unknown}
 f - 4 scrolls of teleportation {unknown}
 j - 2 scrolls of amnesia {unknown}
 n - a scroll of enchant weapon {unknown}
Potions
 i - a potion of flight {unknown}
 q - a potion of haste {unknown}
 s - 2 potions of invisibility {unknown}
Books
 c - a book of Minor Magic

   Spells                             Type                      Level
   a - Magic Dart                     Conjuration                  1
   b - Blink                          Translocation                2
   c - Call Imp                       Summoning                    2
   d - Repel Missiles                 Charms/Air                   2
   e - Slow                           Hexes                        2
   f - Conjure Flame                  Conjuration/Fire             3
   g - Mephitic Cloud                 Conjuration/Poison/Air       3
Comestibles
 d - 2 bread rations
 g - 2 beef jerkies


   Skills:
 + Level 2.5 Fighting
 * Level 3.3 Maces & Flails
 - Level 1.7 Dodging
 - Level 1.4 Stealth
 + Level 4.4 Spellcasting
 + Level 1.7 Conjurations
 + Level 0.2 Charms
 + Level 1.8 Summonings
 + Level 1.3 Translocations
 + Level 0.9 Fire Magic
 + Level 0.5 Air Magic
 + Level 1.2 Poison Magic


You couldn't memorise any spells.
You knew the following spells:

 Your Spells              Type           Power        Failure   Level  Hunger
a - Magic Dart            Conj           #...         10%         1    None
b - Blink                 Tloc           N/A          17%         2    ##.....
c - Call Imp              Summ           ##......     14%         2    ##.....
d - Conjure Flame         Conj/Fire      #.......     30%         3    ###....
e - Mephitic Cloud        Conj/Pois/Air  #.......     30%         3    ###....
f - Repel Missiles        Chrm/Air       #.....       21%         2    ##.....


Dungeon Overview and Level Annotations

Branches:
Dungeon (6/15)
 Temple: D:4-7

Altars:

Annotations:
D:4 Eustachio, Grinder


Innate Abilities, Weirdness & Mutations

You are too large for most types of armour.
You have tough skin. (AC +1)


Message History

Found a stone staircase leading up.
There is a stone staircase leading up here.
You sock the giant cockroach!
You kill the giant cockroach!
You are suddenly yanked towards a nearby monster!
Your surroundings suddenly seem different.
A bullfrog comes into view.
The helpless bullfrog fails to defend itself.
You impale the bullfrog!!
The bullfrog is almost dead.
The bullfrog hits you.
* * * LOW HITPOINT WARNING * * *
The bullfrog hits you but does no damage.
The bullfrog hits you.
* * * LOW HITPOINT WARNING * * *
You take 7 damage, and have 3/59 hp.
Wield which item (- for none, * to show all)? (? for menu, Esc to quit)
h - a +0 whip (weapon)
The bullfrog hits you.
You die...

......
......
#......
.......
##.......
##........
###F........
#...@#
##..........
#.....#....
##....# ..
#.....
#.....#
#......
#.......


You could see a bullfrog.

Vanquished Creatures
  A sky beast (D:3)
  An ogre (D:4)
  3 gnolls
  7 adders
  2 oozes
  2 worms (D:2)
  5 dart slugs
  A leopard gecko (D:3)
  An orc (D:3)
  A ball python (D:2)
  6 giant cockroaches
  6 goblins
  9 hobgoblins
  4 jackals (D:3)
  2 quokkas (D:3)
  6 bats
  8 frilled lizards
  4 kobolds
  A quokka skeleton (D:4)
  4 rats
74 creatures vanquished.

Vanquished Creatures (collateral kills)
  An adder (D:3)
1 creature vanquished.

Grand Total: 75 creatures vanquished

Notes
Turn   | Place    | Note
-------+----------+-------------------------------------------
     0 | D:1      | Haldmier the Ogre Wizard began the quest for the Orb.
     0 | D:1      | Reached XP level 1. HP: 16/16 MP: 5/5
   292 | D:1      | Reached skill level 1 in Conjurations
   292 | D:1      | Reached XP level 2. HP: 17/26 MP: 2/6
   532 | D:1      | Reached skill level 1 in Fighting
   739 | D:1      | Reached skill level 4 in Spellcasting
   799 | D:1      | Learned a level 2 spell: Blink
   802 | D:1      | Learned a level 2 spell: Call Imp
  1205 | D:1      | Reached XP level 3. HP: 35/35 MP: 5/8
  1290 | D:1      | Learned a level 3 spell: Mephitic Cloud
  1858 | D:2      | Reached skill level 1 in Maces & Flails
  1967 | D:2      | Reached XP level 4. HP: 42/42 MP: 5/10
  2008 | D:2      | Learned a level 3 spell: Conjure Flame
  2131 | D:2      | You fall through a shaft!
  2160 | D:3      | Reached skill level 1 in Summonings
  2287 | D:3      | Reached skill level 1 in Translocations
  2996 | D:3      | Reached XP level 5. HP: 46/49 MP: 8/11
  3995 | D:4      | Noticed an ogre
  4261 | D:4      | Killed an ogre
  4261 | D:4      | Reached skill level 1 in Poison Magic
  4261 | D:4      | Reached XP level 6. HP: 59/59 MP: 5/12
  4282 | D:4      | Learned a level 2 spell: Repel Missiles
  4360 | D:4      | Noticed Grinder
  4362 | D:4      | Noticed a sky beast
  4460 | D:3      | Killed a sky beast
  4568 | D:4      | Noticed Eustachio
  4628 | D:5      | Entered Level 5 of the Dungeon
  4632 | D:5      | Noticed a phantom
  4640 | D:6      | Slain by a bullfrog

Skill      XL: |  1  2  3  4  5 |
---------------+----------------+-----
Conjurations   | 1 |  1.7
Fighting       | 1 2 |  2.5
Spellcasting   | 4 |  4.4
Maces & Flails | 1 3 |  3.3
Summonings     | 1 |  1.8
Translocations | 1 |  1.3
Poison Magic   | 1 |  1.2
Dodging        | |  1.7
Stealth        | |  1.4
Charms         | |  0.2
Fire Magic     | |  0.9
Air Magic      | |  0.5

Action                   |  1- 3 |  4- 6 || total
-------------------------+-------+-------++-------
Melee: Unarmed           |     7 |       ||     7
       Whip              |    24 |   161 ||   185
       Giant spiked club |       |     6 ||     6
Throw: Javelin           |       |     6 ||     6
 Cast: Magic Dart        |    91 |    58 ||   149
       Conjure Flame     |       |     2 ||     2
       Mephitic Cloud    |       |    12 ||    12
       Call Imp          |       |     1 ||     1
       Blink             |       |     3 ||     3
 Stab: Sleeping          |     1 |     1 ||     2
       Confused          |       |     2 ||     2
  Eat: Chunk             |     3 |    10 ||    13
Armor: Robe              |    11 |    62 ||    73
Dodge: Dodged            |    20 |   112 ||   132
